 Dungeon Crawl Stone Soup version 0.28-a0-861-ge64d6db94f (webtiles) character file.

Game seed: 6342514232373000666

602 frimble the Skirmisher (level 7, 0/72 HPs)
             Began as a Troll Warper on Nov 16, 2021.
             Was a Follower of Cheibriados.
             Succumbed to a killer bee's poison
             ... on level 6 of the Dungeon.
             The game lasted 00:04:04 (3616 turns).

frimble the Skirmisher (Troll Warper)               Turns: 3616, Time: 00:04:05

Health: 0/72       AC:  4    Str: 22    XL:     7   Next: 18%
Magic:  7/7        EV: 10    Int: 13    God:    Cheibriados [*.....]
Gold:   169        SH:  0    Dex: 11    Spells: 6/8 levels left

rFire   . . .      SeeInvis .     - Unarmed
rCold   . . .      Faith    .   (no shield)
rNeg    . . .      Spirit   .   a - +0 robe
rPois   .          Reflect  .   (helmet restricted)
rElec   .          Harm     .   (no cloak)
rCorr   .          Rampage  .   (gloves unavailable)
Will    .....                   (boots unavailable)
Stlth   +.........              (no amulet)
HPRegen 1.22/turn               (no ring)
MPRegen 0.10/turn               (no ring)

@: lethally poisoned (0 -> -2), very slow
A: large, unfitting armour, claws 3, regeneration 1, shaggy fur 1, tough skin 1
a: Renounce Religion, Bend Time


You were on level 6 of the Dungeon.
You worshipped Cheibriados.
Cheibriados was aware of your devotion.
You visited 1 branch of the dungeon, and saw 6 of its levels.
You also visited: Sewer.

You collected 169 gold pieces.

Inventory:

Missiles
 c - 5 boomerangs of dispersal (quivered)
 e - 32 poisoned darts
 j - 2 boomerangs
Armour
 a - a +0 robe (worn)
Jewellery
 h - a ring of fire
Wands
 l - a wand of digging (7)
Scrolls
 b - 2 scrolls of blinking
 d - 2 scrolls of fear
 i - 6 scrolls of teleportation
 k - 3 scrolls of identify
Potions
 f - 2 potions of attraction
 g - a potion of curing {unknown}
 m - a potion of brilliance


   Skills:
 + Level 5.3 Fighting
 - Level 0.8 Throwing
 - Level 1.9 Dodging
 + Level 5.1 Unarmed Combat
 - Level 1.2 Spellcasting
 - Level 2.1 Translocations


You had 6 spell levels left.
You knew the following spells:

 Your Spells              Type           Power      Damage    Failure   Level
a - Blink                 Tloc           12%        N/A       17%         2

Your spell library contained the following spells:

 Spells                   Type           Power      Damage    Failure   Level
 Sting                    Tmut/Pois      0%         1d3       28%         1
 Gell's Gravitas          Tloc           6%         N/A       32%         3
 Lesser Beckoning         Tloc           6%         N/A       32%         3
 Teleport Other           Tloc           6%         N/A       32%         3
 Poisonous Vapours        Pois/Air       0%         N/A       38%         2
 Olgreb's Toxic Radiance  Pois           0%         N/A       95%         4
 Manifold Assault         Tloc           6%         N/A       97%         5


Dungeon Overview and Level Annotations

Branches:
Dungeon (6/15)              Sewer (visited)
 Temple: D:4-7

Altars:
Cheibriados
Fedhas
Hepliaklqana
Ru
Trog
Zin

Shops:
D:1 (


Innate Abilities, Weirdness & Mutations

You are too large for most types of armour.
You have claws for hands.
Your natural rate of healing is unusually fast.
You are covered in fur. (AC +1)
You have tough skin. (AC +1)


Message History

The killer bee poisons you!
You miss the killer bee.
The killer bee is moderately wounded.
You feel very sick. The killer bee stings you.
The killer bee barely misses you.
You scratch the killer bee but do no damage.
Your claw misses the killer bee.
The killer bee is moderately wounded.
You feel very sick. The killer bee barely misses you. x2
You scratch the killer bee.
The killer bee is moderately wounded.
You feel sick. The killer bee barely misses you. The killer bee stings you!
You are more poisoned.
The killer bee poisons you!
You scratch the killer bee.
The killer bee is severely wounded.
You feel very sick.
The killer bee stings you but does no damage. x2
You barely miss the killer bee.
The killer bee is severely wounded.
You feel very sick. The killer bee misses you.
You barely miss the killer bee.
The killer bee is severely wounded.
You feel sick. The killer bee stings you.
* * * LOW HITPOINT WARNING * * *
The killer bee stings you.
* * * LOW HITPOINT WARNING * * *
You barely miss the killer bee.
The killer bee is severely wounded.
* * * LOW HITPOINT WARNING * * *
You feel very sick.
The killer bee stings you but does no damage.
The killer bee stings you.
* * * LOW HITPOINT WARNING * * *
You claw the killer bee!
You kill the killer bee!
Cheibriados thoroughly appreciates the change of pace.
You die...

##+# #.@#
##.......#
......#.#
##...#....
####. ...
.. .. .. .
...


There were no monsters in sight!

Vanquished Creatures
  An ogre (D:4)
  A centaur (D:5)
  2 bullfrogs (Sewer)
  A scorpion (D:5)
  A killer bee (D:6)
  An orc wizard (D:4)
  A hound skeleton (D:4)
  Robin (D:4)
  9 adders
  An adder skeleton (D:4)
  3 worms
  10 orcs
  9 endoplasms
  6 giant cockroaches
  15 goblins
  8 hobgoblins
  2 jackals (D:1)
  3 kobolds
  8 quokkas
  5 ball pythons
  3 bats (D:1)
  7 frilled lizards
  3 rats
101 creatures vanquished.

Vanquished Creatures (others)
  A fungus (D:6)
1 creature vanquished.

Grand Total: 102 creatures vanquished

Notes
Turn   | Place    | Note
-------+----------+-------------------------------------------
     0 | D:1      | frimble the Troll Warper began the quest for the Orb.
     0 | D:1      | Reached XP level 1. HP: 19/19 MP: 1/1
   134 | D:1      | Found Eghycruf's Weapon Emporium.
   189 | D:1      | Reached XP level 2. HP: 28/28 MP: 2/2
  1162 | D:2      | Reached XP level 3. HP: 24/37 MP: 3/3
  1205 | D:2      | Learned a level 2 spell: Blink
  1426 | D:2      | Found a faded altar of an unknown god.
  1925 | D:3      | Reached XP level 4. HP: 30/45 MP: 4/4
  1996 | D:3      | Found a glowing drain.
  2001 | Sewer    | Entered a sewer
  2184 | Sewer    | Noticed a bullfrog
  2185 | Sewer    | Noticed a bullfrog
  2191 | Sewer    | Killed a bullfrog
  2192 | Sewer    | Reached XP level 5. HP: 54/54 MP: 5/5
  2698 | D:3      | Reached XP level 6. HP: 61/63 MP: 6/6
  2770 | D:3      | Found a snail-covered altar of Cheibriados.
  2793 | D:3      | Became a worshipper of Cheibriados the Contemplative
  3116 | D:4      | Found a blossoming altar of Fedhas.
  3394 | D:4      | Noticed Robin
  3421 | D:4      | Killed Robin
  3421 | D:4      | Reached * piety under Cheibriados
  3461 | D:4      | Found a bloodstained altar of Trog.
  3493 | D:4      | Reached skill level 5 in Fighting
  3513 | D:4      | Found a hazy altar of Hepliaklqana.
  3513 | D:4      | Found a sacrificial altar of Ru.
  3516 | D:4      | You fall into a shaft and drop 1 floor!
  3516 | D:5      | Entered Level 5 of the Dungeon
  3516 | D:5      | Found a glowing silver altar of Zin.
  3521 | D:5      | Reached XP level 7. HP: 66/72 MP: 7/7
  3556 | D:5      | Reached skill level 5 in Unarmed Combat
  3615 | D:6      | HP: 3/72 [poisoned by a killer bee]
  3615 | D:6      | HP: 1/72 [killer bee (2)]
  3616 | D:6      | Succumbed to a killer bee's poison

Illustrated notes

Levels and vault maps discovered:
D:1:      dpeg_arrival_three_same_balls, layout_basic, serial_shops,
          nicolae_lakefront_shop, feat_on_display
D:2:      layout_basic, shapermc_ecumenical_altar_starsandcircs,
          kennysheep_generic_room_5
D:3:      layout_basic, cheibrodos_worm_habitat, gup_sewer_entry_bowl
D:4:      layout_rooms, mainiacjoe_overflow_alcove_1, jmf_multi_god_temple,
          general_overflow_altar, chequers_garden, uniq_robin
D:5:      layout_basic, okawaru_gym_becter, zin_academy,
          nicolae_uskayaw_dance_hall, minmay_temple_entry_glassed_door,
          serial_shops, shop, minmay_misc_feat_rugged, chequers_arboretum,
          minmay_curled_crystal, minmay_fractal_squares_diagonal_5
D:6:      layout_basic, serial_aquarium, aquarium_bridge_long_joined
          [aquarium_subvault_balcony, aquarium_subvault_bridge,
          aquarium_subvault_bridge, aquarium_subvault_wall,
          aquarium_subvault_window, aquarium_subvault_bridge],
          aquarium_window_1, aquarium_window_1, aquarium_view_2d,
          aquarium_balcony_1b, uniq_edmund, uniq_maggie

Skill      XL: |  1  2  3  4  5  6  7 |
---------------+----------------------+-----
Fighting       | 2 3 4 5 |  5.3
Unarmed Combat | 3 4 5 |  5.1
Throwing       | |  0.8
Dodging        | |  1.9
Spellcasting   | |  1.2
Translocations | |  2.1

Action                   |  1- 3 |  4- 6 |  7- 9 || total
-------------------------+-------+-------+-------++-------
Melee: Unarmed           |   112 |   178 |    21 ||   311
       Punch             |       |     1 |       ||     1
 Cast: Blink             |       |     1 |       ||     1
  Use: Scroll            |     5 |     2 |       ||     7
       Potion            |       |     2 |       ||     2
Armor: Robe              |    34 |    46 |     4 ||    84
       Skin              |       |    21 |       ||    21
Dodge: Dodged            |    65 |    73 |    12 ||   150

Table legend: (Time is in decaauts)
 A = Elapsed time spent in this place.
 B = Non-inter-level travel time spent in this place.
 C = Inter-level travel time spent in this place.
 D = Time resting spent in this place.
 E = Time spent auto-exploring this place.
 F = Levels seen in this place.
 G = Mean time per level.
                   A        B        C        D        E       F      G
               +--------+--------+--------+--------+--------+-----+--------+
         Total |   3887 |   3745 |    142 |      0 |   2964 |   7 |  555.3 |
       Dungeon |   3346 |   3204 |    142 |      0 |   2593 |   6 |  557.7 |
         Sewer |    541 |    541 |      0 |      0 |    371 |   1 |  541.0 |
               +--------+--------+--------+--------+--------+-----+--------+

Top non-repeatable levels by time:
     D:3: 1001 daAuts
     D:1: 891 daAuts
     D:2: 852 daAuts
   Sewer: 541 daAuts
     D:4: 489 daAuts
     D:5: 101 daAuts
     D:6: 10 daAuts
